AoeStats
← Aldomagno

Arena

510203324Analyzed
2v2 RM · 3d ago on Sep 29, 2026· 38m 17s· 4 players
Game mode
Random Map
Map size
Medium (4 player)
Population
200
Speed
Normal
Resources
Standard
Victory
Conquest
Starting age
Dark Age
Ending age
Imperial Age
RankedLock teamsTeams togetherTeam positionsShared explorationLock speedFull tech treeHidden civsTurbo modeCheats
Victory
Defeat
🇦🇷 Spanish · Argentina
813
+13
🇦🇷 Khmer · Argentina
777
+15
🇮🇪 Portuguese · Ireland
756
-14
🇲🇽 Bohemians · Mexico
745
-14
Aldomagno
4:37 Loom
11:21 Feudal Age
16:19 Castle Age
14:21 Double-Bit Axe
17:36 Husbandry
19:05 Gold Mining
21:39 Wheelbarrow
22:26 Bow Saw
23:20 Bloodlines
23:23 Horse Collar
24:25 Gold Shaft Mining
23:43 Stone Mining
25:27 Gold Shaft Mining
26:48 Hand Cart
32:41 Stone Shaft Mining
36:25 Imperial Age
36:27 Heavy Scorpion
37:32 Ballistics
38:13 Chemistry
37:41 Forging
37:37 Scale Barding Armor
Loren II
0:26 Loom
10:06 Feudal Age
11:23 Wheelbarrow
10:34 Double-Bit Axe
10:31 Horse Collar
18:54 Castle Age
19:55 Hand Cart
31:52 Fletching
32:03 Padded Archer Armor
38:43 Leather Archer Armor
CALLATEprr@
1:17 Loom
YaLittle-
10:17 Feudal Age
10:55 Double-Bit Axe
10:54 Horse Collar
16:36 Gold Mining
17:29 Wheelbarrow
16:56 Stone Mining
22:51 Castle Age
21:20 Fletching
24:35 Treadmill Crane
25:13 Heavy Plow
25:25 Bow Saw
26:19 Fortified Wall
27:35 Masonry
31:39 Imperial Age
29:54 Ballistics
30:26 Murder Holes
31:58 Bodkin Arrow
33:01 Bracer
34:27 Chemistry
Connection lost

Rejoining the realm…

Still unreachable

The connection could not be restored.

Session expired

The server has moved on; the page needs a fresh start.